 Dungeon Crawl Stone Soup version 0.28-a0-425-gd0eccab798 (webtiles) character file.

Game seed: 18196516850822804494

13988 rogsnak the Arsonist (level 11, -4/82 HPs)
             Began as a Grey Draconian Fire Elementalist on Sept 9, 2021.
             Was a Believer of Sif Muna.
             Shot with an arrow by a centaur warrior (10 damage)
             ... on level 10 of the Dungeon on Sept 10, 2021.
             The game lasted 00:34:39 (12227 turns).

rogsnak the Arsonist (DrFE)                        Turns: 12227, Time: 00:34:39

Health: -4/82      AC: 14    Str: 11    XL:     11   Next: 82%
Magic:  0/25       EV: 14    Int: 18    God:    Sif Muna [**....]
Gold:   1038       SH:  0    Dex: 18    Spells: 23/30 levels left

rFire   + . .      SeeInvis .   z - +2 dagger (elec)
rCold   . . .      Faith    .   (no shield)
rNeg    . . .      Spirit   .   (armour unavailable)
rPois   .          Reflect  .   (helmet restricted)
rElec   .          Harm     .   x - +0 cloak
rCorr   .          Rampage  .   a - +0 pair of gloves
Will    .....                   (no boots)
Stlth   ++........              q - amulet of magic regeneration
HPRegen 0.23/turn               L - ring of protection from fire
MPRegen 0.44/turn               Q - +6 ring of dexterity

@: no status effects
A: AC +12, amphibious, unfitting armour, cold-blooded
a: Renounce Religion, Channel Magic


You were on level 10 of the Dungeon.
You worshipped Sif Muna.
Sif Muna was pleased with you.
You visited 2 branches of the dungeon, and saw 11 of its levels.
You also visited: Ossuary and Bailey.

You collected 1038 gold pieces.

Inventory:

Hand Weapons
 i - a +2 long sword of protection
 y - a +1 mace of holy wrath
 z - a +2 dagger of electrocution (weapon)
 C - a +4 arbalest
 G - a +1 broad axe of venom
Missiles
 h - 38 poisoned darts
 k - 6 silver javelins
 D - 82 bolts
Armour
 a - a +0 pair of gloves (worn)
 x - a +0 cloak (worn)
 B - a +0 buckler
Jewellery
 q - an amulet of magic regeneration (around neck)
 H - a ring of positive energy
 L - a ring of protection from fire (left hand)
 Q - a +6 ring of dexterity (right hand)
Wands
 b - a wand of flame (27)
 l - a wand of digging (8)
 s - a wand of paralysis (5)
 E - a wand of mindburst (6)
 R - a wand of polymorph (12)
Scrolls
 c - 5 scrolls of magic mapping {unknown}
 d - 4 scrolls of teleportation {unknown}
 e - 2 scrolls of fear {unknown}
 g - 4 scrolls of fog {unknown}
 m - 2 scrolls of enchant armour {unknown}
 o - 2 scrolls of noise {unknown}
 p - a scroll of torment {unknown}
 t - 13 scrolls of identify {unknown}
 A - 2 scrolls of vulnerability {unknown}
 F - 3 scrolls of brand weapon {unknown}
 I - a scroll of acquirement {unknown}
 M - a scroll of summoning {unknown}
 P - a scroll of amnesia {unknown}
 S - 2 scrolls of immolation {unknown}
Potions
 f - 3 potions of might {unknown}
 j - 5 potions of curing
 n - 4 potions of brilliance {unknown}
 r - 3 potions of heal wounds {unknown}
 u - a potion of attraction {unknown}
 v - a potion of resistance {unknown}
 w - 2 potions of haste {unknown}
 J - a potion of degeneration {unknown}
 K - a potion of ambrosia {unknown}
 N - a potion of berserk rage {unknown}
 O - a potion of invisibility {unknown}


   Skills:
 + Level 3.1 Fighting
 + Level 3.8 Dodging
 - Level 2.0 Stealth
 + Level 10.4 Spellcasting
 * Level 10.6 Conjurations
 + Level 10.9 Fire Magic
 + Level 0.7 Evocations


You had 23 spell levels left.
You knew the following spells:

 Your Spells              Type           Power      Damage    Failure   Level
a - Foxfire               Conj/Fire      100%       2x1d9     1%          1
b - Scorch                Fire           96%        2d10      1%          2
c - Flame Wave            Conj/Fire      48%        3d9       1%          4

Your spell library contained the following spells:

 Spells                   Type           Power      Damage    Failure   Level
 Conjure Flame            Conj/Fire      48%        6-21      1%          3
 Inner Flame              Hex/Fire       29%        N/A       2%          3
 Animate Skeleton         Necr           18%        N/A       8%          1
 Apportation              Tloc           18%        N/A       8%          1
 Beastly Appendage        Tmut           18%        N/A       8%          1
 Summon Small Mammal      Summ           36%        N/A       8%          1
 Ensorcelled Hibernation  Hex/Ice        18%        N/A       12%         2
 Wereblood                Tmut           9%         N/A       12%         2
 Frozen Ramparts          Ice            18%        1d3       22%         3
 Spider Form              Tmut/Pois      4%         N/A       22%         3
 Tukima's Dance           Hex            9%         N/A       22%         3
 Ice Form                 Ice/Tmut       9%         N/A       58%         4
 Summon Ice Beast         Ice/Summ       9%         N/A       58%         4


Dungeon Overview and Level Annotations

Branches:
Dungeon (10/15)            Temple (1/1) D:7            Lair (0/6) D:9
Ossuary (visited)          Bailey (visited)
    Orc: D:9-12

Altars:
Ashenzari
Cheibriados
Dithmenos
Elyvilon
Fedhas
Gozag
Hepliaklqana
Kikubaaqudgha
Makhleb
Nemelex Xobeh
Okawaru
Qazlal
Ru
Sif Muna
Trog
Uskayaw
Vehumet
Wu Jian
Xom
Yredelemnul
Zin
The Shining One

Shops:
D:1 ?

Annotations:
D:1 acquirement


Innate Abilities, Weirdness & Mutations

Your dull iron-grey scales are very hard. (AC +12)
You are amphibious.
You cannot fit into any form of body armour.
You are cold-blooded and may be slowed by cold attacks.


Message History

The centaur warrior hits you with a +1 antimagic triple sword!
You feel your power leaking away. The centaur warrior barely misses you.
The centaur warrior hits you with a +1 antimagic triple sword.
The centaur warrior closely misses you.
Casting: Scorch (safe; 1% risk of failure)
Confirm with . or Enter, or press ? or * to list all spells.
You don't have enough magic to cast this spell.
The centaur warrior unwields a +1 antimagic triple sword.
The centaur warrior wields a +5 shortbow of flaming.
It bursts into flame!
The centaur warrior shoots an arrow.
The arrow hits you. The arrow burns you.
Unknown command.
Aiming: Mindburst
Press: ? - help, Shift-Dir - straight line, f - centaur warrior
Aim: a centaur warrior, wielding a +5 shortbow of flaming and quivering arrows (almost dead, more vulnerable to fire, chance to affect: 50%)
The centaur warrior resists with significant effort.
The centaur warrior is no longer more vulnerable to fire.
The centaur warrior shoots an arrow.
The arrow hits you!
* * * LOW HITPOINT WARNING * * *
The arrow burns you.
* * * LOW HITPOINT WARNING * * *
Unknown command.
Aiming: Mindburst
Press: ? - help, Shift-Dir - straight line, f/p - centaur warrior
Aim: a centaur warrior, wielding a +5 shortbow of flaming and quivering arrows (almost dead, chance to affect: 50%)
The centaur warrior resists with significant effort.
The centaur warrior shoots an arrow.
The arrow hits you!
* * * LOW HITPOINT WARNING * * *
The arrow burns you.
* * * LOW HITPOINT WARNING * * *
The centaur warrior shoots an arrow.
The arrow barely misses you.
Unknown command.
Casting: Scorch (safe; 1% risk of failure)
Confirm with . or Enter, or press ? or * to list all spells.
Flames lash the centaur warrior.
The centaur warrior is almost dead.
The centaur warrior's fire resistance burns away.
The centaur warrior shoots an arrow.
The arrow hits you!
You die...

..#..#####.#.##8...8#............
.)#..#..#.#.#.#[.#..#............
..†##.#.'#.#.#')###.#...#####....
.)##..#.#.#.#÷#..#..#...#...#....
..##.#####.#.##8÷[)8#...#...#....
..#### ########'###...#...#...#
..# #.#..##...#...#...# ..#
##..#.#...#...#...# ..#
#.@#..#...###'#...# ..#
#.#†)##...........# ..#
##[c#.#...........# ..#
###'###...........# ..#
#.##[##......<....# ..#
#..(..#............ ..#
.8.8y#=##.#............ ..# 8.8
#.. .#............ ..# c #.#
##.......#####


You could see a centaur warrior (inflammable).

Vanquished Creatures
  3 two-headed ogres
  An orc knight (Bailey)
  A cyclops (D:10)
  An elephant (D:9)
  Joseph (D:8)
  An unseen horror (D:9)
  A komodo dragon (D:10)
  Psyche (D:8)
  Maggie (D:7)
  A troll (D:10)
  Prince Ribbit (D:8)
  A centaur simulacrum (D:10)
  A shadow (D:10)
  Eustachio (D:5)
  A basilisk (D:9)
  2 wyverns
  17 yaks
  3 steam dragons
  A vampire mosquito (D:10)
  Edmund (D:5)
  Duvessa (D:7)
  A water moccasin (D:7)
  12 orc warriors
  3 black bears
  2 sky beasts
  A necrophage (D:8)
  2 ice beasts
  2 centaurs
  2 elf zombies (Ossuary)
  A bullfrog (D:6)
  A kobold brigand (D:9)
  2 gnoll sergeants (D:10)
  2 scorpions
  Dowan (D:7)
  2 wyvern skeletons
  8 killer bees (D:9)
  7 wights
  A howler monkey (D:4)
  4 centaur zombies
  3 hounds
  A jelly (D:6)
  Crazy Yiuf (D:4)
  7 orc priests
  Natasha (thrice) (D:3)
  5 iguanas
  8 orc wizards
  3 hound skeletons
  3 mummies (Ossuary)
  A howler monkey zombie (D:9)
  5 gnolls (D:10)
  5 adders
  2 ufetubi
  An adder zombie (Ossuary)
  An adder skeleton (D:4)
  4 worms
  3 dart slugs
  36 orcs
  4 ball pythons
  7 bats
  11 endoplasms
  5 giant cockroaches
  9 goblins
  10 hobgoblins
  3 jackals (D:5)
  5 quokkas
  4 frilled lizards
  5 goblin zombies (Ossuary)
  2 hobgoblin zombies (Ossuary)
  13 kobolds
  2 kobold zombies (Ossuary)
  4 quokka zombies (Ossuary)
  4 rats
  2 rat zombies (Ossuary)
278 creatures vanquished.

Vanquished Creatures (collateral kills)
  A foxfire (D:3)
1 creature vanquished.

Vanquished Creatures (others)
  1070 foxfires
  3 fungi (D:3)
  9 plants
1082 creatures vanquished.

Grand Total: 1361 creatures vanquished

Notes
Turn   | Place    | Note
-------+----------+-------------------------------------------
     0 | D:1      | rogsnak the Draconian Fire Elementalist began the quest for
                  | the Orb.
     0 | D:1      | Reached XP level 1. HP: 14/14 MP: 3/3
   382 | D:1      | Reached XP level 2. HP: 20/20 MP: 0/5
   972 | D:1      | Found Zeutaper's Magic Scroll Shoppe.
  1256 | D:2      | Reached XP level 3. HP: 26/26 MP: 2/6
  1869 | D:2      | Learned a level 2 spell: Scorch
  2108 | D:3      | Found a basalt altar of Yredelemnul.
  2125 | D:3      | Reached skill level 1 in Fighting
  2125 | D:3      | Reached XP level 4. HP: 28/35 MP: 0/7
  2343 | D:3      | Found a sacrificial altar of Ru.
  2418 | D:3      | Became a worshipper of Ru the Awakened
  2581 | D:3      | Found a faded altar of an unknown god.
  2616 | D:3      | Noticed Natasha
  2624 | D:3      | Killed Natasha
  2625 | D:3      | Reached XP level 5. HP: 34/40 MP: 2/9
  2764 | D:3      | Noticed Natasha
  2845 | D:3      | Killed Natasha
  2961 | D:3      | Noticed Natasha
  2970 | D:3      | Killed Natasha
  2971 | D:3      | Noticed an ice beast
  3088 | D:3      | Learned a level 4 spell: Flame Wave
  3183 | D:3      | Killed an ice beast
  3184 | D:3      | Reached XP level 6. HP: 18/48 MP: 5/10
  3590 | D:4      | Found a shadowy altar of Dithmenos.
  3632 | D:4      | Your scales start taking on a dull iron-grey colour.
  3632 | D:4      | Reached XP level 7. HP: 55/55 MP: 8/12
  3945 | D:4      | Reached skill level 5 in Fire Magic
  3952 | D:4      | Found an opulent altar of Gozag.
  4001 | D:4      | Found an ornate altar of the Wu Jian Council.
  4159 | D:4      | Found a hazy altar of Hepliaklqana.
  4168 | D:4      | Found a runed translucent door.
  4169 | D:4      | Noticed Crazy Yiuf
  4180 | D:4      | Killed Crazy Yiuf
  4375 | D:5      | Entered Level 5 of the Dungeon
  4407 | D:5      | Reached skill level 5 in Conjurations
  4772 | D:5      | Noticed Eustachio
  4792 | D:5      | Killed Eustachio
  4793 | D:5      | Reached XP level 8. HP: 54/61 MP: 6/14
  5147 | D:5      | Noticed Edmund
  5608 | D:5      | Killed Edmund
  5763 | D:6      | Reached skill level 5 in Spellcasting
  5801 | D:6      | Found a sand-covered staircase.
  5812 | Ossuary  | Entered an ossuary
  6911 | D:7      | Found a flagged portal.
  6940 | Bailey   | Entered a bailey
  6949 | Bailey   | Noticed an orc knight
  6952 | Bailey   | Reached XP level 9. HP: 57/67 MP: 9/17
  7231 | Bailey   | Killed an orc knight
  7623 | D:7      | Noticed a +0 hand axe
  7763 | D:7      | Noticed Maggie
  7798 | D:7      | Found a staircase to the Ecumenical Temple.
  7808 | Temple   | Entered the Ecumenical Temple
  7835 | Temple   | Fell from the grace of Ru
  7835 | Temple   | Became a worshipper of Sif Muna the Loreminder
  7889 | D:7      | Killed Maggie
  7955 | D:7      | Noticed Dowan
  7960 | D:7      | Noticed Duvessa
  7973 | D:7      | Killed Duvessa
  7974 | D:7      | Reached XP level 10. HP: 73/73 MP: 12/20
  7975 | D:7      | Killed Dowan
  8063 | D:7      | Noticed a +0 hand axe
  8064 | D:7      | Found a hide-covered altar of Uskayaw.
  8256 | D:8      | Noticed a two-headed ogre
  8304 | D:7      | Killed a two-headed ogre
  8607 | D:8      | Noticed Joseph
  8614 | D:8      | Killed Joseph
  8726 | D:8      | Noticed Prince Ribbit
  8734 | D:8      | Noticed Psyche
  8847 | D:8      | Killed Prince Ribbit
  8871 | D:8      | Found a bloodstained altar of Trog.
  8981 | D:8      | Killed Psyche
  9697 | D:9      | Noticed an elephant
  9708 | D:9      | Killed an elephant
  9772 | D:9      | Reached * piety under Sif Muna
  9890 | D:9      | Reached XP level 11. HP: 79/81 MP: 18/24
  9898 | D:9      | Reached skill level 10 in Conjurations
  9941 | D:9      | Found a staircase to the Lair.
 10044 | D:9      | Found a radiant altar of Vehumet.
 10063 | D:9      | Noticed a two-headed ogre
 10479 | D:10     | Entered Level 10 of the Dungeon
 10582 | D:10     | Reached ** piety under Sif Muna
 10918 | D:10     | Noticed a two-headed ogre
 10936 | D:10     | Killed a two-headed ogre
 10937 | D:10     | Reached skill level 10 in Fire Magic
 11490 | D:10     | Noticed a two-headed ogre
 11513 | D:10     | Killed a two-headed ogre
 11514 | D:10     | Reached skill level 10 in Spellcasting
 11548 | D:10     | Found a burning altar of Makhleb.
 12193 | D:10     | Noticed a centaur warrior
 12193 | D:10     | Noticed a boulder beetle
 12227 | D:10     | Shot with an arrow by a centaur warrior

Illustrated notes

Levels and vault maps discovered:
D:1:      giann_horns, layout_basic, serial_shops, nicolae_shop_window_shopping,
          st_stairs_2, minmay_surrounded
D:2:      layout_basic, kennysheep_crisscross, minmay_hexomino_p4
D:3:      layout_rooms, mainiacjoe_overflow_catwalk_spiral,
          dreamdust_ecumenical_altar_grove, minmay_misc_feat_room, uniq_natasha
D:4:      layout_cave_pools, nicolae_wu_jian_immortal_techniques,
          worldfamousw_hep_ancestral_shrine, grunt_gozag_statues,
          nicolae_dithmenos_the_darkroom, grunt_ministairs_8, minmay_between,
          uniq_crazy_yiuf_cottage
D:5:      layout_basic, wad_floor_pattern_untrapped, uniq_edmund, uniq_eustachio
D:6:      layout_basic, lightli_ossuary_entry_decrepit_ruins
D:7:      layout_rooms, dancing_weapons_uskayaw, temple_pool_b, enter_bailey_5,
          uniq_duvessa, uniq_maggie
D:8:      layout_loops_ring, lemuel_doored_altar, corexii_checkpoint_b,
          minivault_5, uniq_psyche, uniq_prince_ribbit1, uniq_joseph
D:9:      layout_long_grid, fiery_altar_vehumet, david_lair_generic, st_stairs_4
D:10:     minmay_the_grid_square_5x5_3x3
          [minmay_the_grid_square_5x5_tetrominoes,
          minmay_the_grid_square_5x5_checkered,
          minmay_the_grid_square_5x5_shrine2,
          minmay_the_grid_square_5x5_hollow_slash,
          minmay_the_grid_square_5x5_megaprize_open,
          minmay_the_grid_square_5x5_lines, minmay_the_grid_square_5x5_v,
          minmay_the_grid_square_5x5_checkered_statues,
          minmay_the_grid_square_5x5_misaligned], layout_irregular_city,
          lightli_temple_of_fire, serial_column_ruins,
          column_ruins_corridor_corner, column_ruins_open_large,
          column_ruins_grid_1, column_ruins_open_tiny,
          column_ruins_columns_corner, chequers_serial_rivers_small_b
Temple:   chequers_temple_sunken

Skill      XL: |  1  2  3  4  5  6  7  8  9 10 11 |
---------------+----------------------------------+-----
Dodging        | 2 3 |  3.8
Conjurations   | 2 3 4 5 7 9 10 | 10.6
Fighting       | 1 2 3 |  3.1
Fire Magic     | 4 5 6 8 9 10 | 10.9
Spellcasting   | 3 4 5 7 9 10 | 10.4
Stealth        | 2 |  2.0
Evocations     | |  0.7

Action                   |  1- 3 |  4- 6 |  7- 9 | 10-12 || total
-------------------------+-------+-------+-------+-------++-------
Melee: Spear             |    20 |     1 |       |       ||    21
       Tailslap          |     2 |     4 |     3 |     8 ||    17
       Trident           |       |    28 |    12 |       ||    40
       Dagger            |       |       |    40 |    45 ||    85
       Mace              |       |       |     1 |       ||     1
       Quarterstaff      |       |       |     1 |       ||     1
 Cast: Foxfire           |    62 |   108 |   322 |   122 ||   614
       Scorch            |       |     1 |    29 |   145 ||   175
       Flame Wave        |       |       |     4 |    11 ||    15
Evoke: Wand              |       |       |     4 |     2 ||     6
  Use: Potion            |       |       |       |     1 ||     1
 Stab: Paralysed         |       |       |     9 |       ||     9
       Sleeping          |       |       |       |     2 ||     2
Armor: Skin              |     5 |    18 |    28 |    68 ||   119
Dodge: Dodged            |    12 |    45 |    48 |    81 ||   186

Table legend: (Time is in decaauts)
 A = Elapsed time spent in this place.
 B = Non-inter-level travel time spent in this place.
 C = Inter-level travel time spent in this place.
 D = Time resting spent in this place.
 E = Time spent auto-exploring this place.
 F = Levels seen in this place.
 G = Mean time per level.
                   A        B        C        D        E       F      G
               +--------+--------+--------+--------+--------+-----+--------+
         Total |  12264 |  12034 |    230 |   2332 |   6450 |  13 |  943.4 |
       Dungeon |  11224 |  10994 |    230 |   1780 |   6373 |  10 | 1122.4 |
        Temple |     53 |     53 |      0 |      0 |      0 |   1 |   53.0 |
       Ossuary |    319 |    319 |      0 |     91 |     67 |   1 |  319.0 |
        Bailey |    666 |    666 |      0 |    461 |     10 |   1 |  666.0 |
               +--------+--------+--------+--------+--------+-----+--------+

Top non-repeatable levels by time:
    D:10: 1747 daAuts
     D:1: 1238 daAuts
     D:5: 1226 daAuts
     D:3: 1219 daAuts
     D:9: 1111 daAuts
     D:8: 1093 daAuts
     D:4: 1067 daAuts
     D:2: 1005 daAuts
     D:6: 859 daAuts
  Bailey: 666 daAuts
     D:7: 656 daAuts
 Ossuary: 319 daAuts
  Temple: 53 daAuts
